 Dungeon Crawl Stone Soup version 0.25-a0-340-ga1faa1601d (webtiles) character file.

Game seed: 4794923099296937543, levelgen mode: classic

575 Borgoz the Cudgeler (level 7, -14/44 HPs)
             Began as a Gargoyle Fighter on Dec 30, 2019.
             Demolished by an ogre
             ... wielding a +0 giant club
              (23 damage)
             ... on level 4 of the Dungeon.
             The game lasted 00:03:28 (2631 turns).

Borgoz the Cudgeler (Gargoyle Fighter)              Turns: 2631, Time: 00:03:29

Health: -14/44     AC: 14    Str: 19    XL:     7   Next: 35%
Magic:  7/7        EV:  7    Int: 14    God:
Gold:   119        SH:  9    Dex: 11    Spells: 6/6 levels left

rFire    . . .     SeeInvis .   a - +0 flail
rCold    . . .     Gourm    .   c - +0 shield
rNeg     + . .     Faith    .   b - +0 scale mail
rPois    ∞         Spirit   .   (no helmet)
rElec    +         Reflect  .   l - +0 cloak
rCorr    +         Harm     .   (no gloves)
MR       .....                  h - +0 pair of boots
Stlth    ..........             r - amulet of regeneration
HPRegen  0.54/turn              s - ring of resist corrosion
MPRegen  0.10/turn              (no ring)

@: brilliant
A: negative energy resistance 1, electricity resistance, unbreathing,
petrification resistance, rot immunity, AC +4
a: no special abilities


You were on level 4 of the Dungeon.
You were not hungry.

You visited 1 branch of the dungeon, and saw 6 of its levels.

You collected 119 gold pieces.

Inventory:

Hand Weapons
 a - a +0 flail (weapon)
Armour
 b - a +0 scale mail (worn)
 c - a +0 shield (worn)
 h - a +0 pair of boots (worn)
 l - a +0 cloak (worn)
Jewellery
 r - an amulet of regeneration (around neck)
 s - a ring of resist corrosion (left hand)
Wands
 m - a wand of paralysis (9)
Scrolls
 d - a scroll of fog {unknown}
 e - 3 scrolls of identify {unknown}
 j - a scroll of fear {unknown}
 n - 2 scrolls of remove curse
 o - a scroll of enchant armour {unknown}
 q - a scroll of blinking {unknown}
 t - a scroll of enchant weapon {unknown}
 v - a scroll of teleportation {unknown}
Potions
 g - a potion of brilliance
 i - 2 potions of curing
 k - a potion of agility {unknown}
 p - a potion of ambrosia {unknown}
 w - a potion of resistance {unknown}
Comestibles
 f - 11 rations
 u - 8 chunks of flesh


   Skills:
 + Level 5.2 Fighting
 * Level 5.7 Maces & Flails
 + Level 5.3 Armour
 - Level 3.2 Shields


You had 6 spell levels left.
You didn't know any spells.
Your spell library was empty.

Dungeon Overview and Level Annotations

Branches:
Dungeon (6/15)
 Temple: D:4-7

Altars:

Shops:
D:4 *


Innate Abilities, Weirdness & Mutations

You are resistant to torment.
Your stone body is resilient. (AC +4)
You are immune to poison.
You resist negative energy. (rN+)
You are resistant to electric shocks. (rElec)
You can survive without breathing.
You are immune to petrification.
You are immune to rotting.


Message History

You are too injured to fight recklessly!
You are too injured to fight recklessly!
It was a potion of brilliance.
You feel clever all of a sudden. The ogre hits you with a +0 giant club!
* * * LOW HITPOINT WARNING * * *
It was a potion of curing.
You feel better.
You feel better. The ogre barely misses you.
An adder comes into view.
You see here a +0 leather armour.
You barely miss the ogre.
The ogre is moderately wounded.
The adder bites you but does no damage. The ogre hits you with a +0 giant club!
* * * LOW HITPOINT WARNING * * *
The adder bites you but does no damage.
You hit the ogre but do no damage.
The ogre is moderately wounded.
The ogre hits you with a +0 giant club!!
Ouch! That really hurt!
You die...

###.##.####
#...##....#
#.########.##..#.##
#.......#......#...
.#.#######.##.....####
......................
..####.##........#...
#.##.##.#.#......#.
#)@S.##.#.####.#.#.
#O#####.... ...#...
#o# ###.###....<. ..#
#.. ..####. ##..
####.. .. #.. #.. ...
#... #.. .... '... ...
#....


You could see an ogre, an adder and an orc.

Vanquished Creatures
  Grinder (D:3)
  An ogre (D:5)
  Blork the orc (D:6)
  An orc wizard (D:4)
  A worker ant (D:4)
  4 gnolls
  3 adders
  An ooze (D:3)
  A worm (D:2)
  4 dart slugs
  3 leopard geckos
  5 orcs
  A ball python (D:1)
  8 giant cockroaches
  7 goblins
  6 hobgoblins
  9 jackals
  9 kobolds
  A quokka (D:2)
  6 bats
  6 frilled lizards
  11 rats
90 creatures vanquished.

Notes
Turn   | Place    | Note
-------+----------+-------------------------------------------
     0 | D:1      | Borgoz the Gargoyle Fighter began the quest for the Orb.
     0 | D:1      | Reached XP level 1. HP: 14/14 MP: 1/1
    30 | D:1      | Reached XP level 2. HP: 16/19 MP: 2/2
   121 | D:1      | Reached XP level 3. HP: 23/23 MP: 3/3
   796 | D:2      | Reached XP level 4. HP: 29/29 MP: 4/4
  1534 | D:3      | Noticed Grinder
  1540 | D:3      | Paralysed by Grinder for 4 turns
  1545 | D:3      | Killed Grinder
  1545 | D:3      | Reached XP level 5. HP: 17/34 MP: 5/5
  1545 | D:3      | Reached XP level 6. HP: 20/39 MP: 6/6
  2144 | D:3      | You fall into a shaft and drop 3 floors!
  2164 | D:6      | Noticed Blork the orc
  2177 | D:6      | Killed Blork the orc
  2177 | D:6      | Reached skill level 5 in Maces & Flails
  2194 | D:5      | Entered Level 5 of the Dungeon
  2217 | D:5      | Reached skill level 5 in Fighting
  2217 | D:5      | Reached skill level 5 in Armour
  2217 | D:5      | Reached XP level 7. HP: 42/44 MP: 7/7
  2314 | D:4      | Found Yrhaom's Assorted Antiques.
  2631 | D:4      | Demolished by an ogre

Levels and vault maps discovered:
D:1:      co_arrival_square_in_a_square_in_a_square, layout_rooms,
          minmay_strange_pillars
D:2:      layout_basic, minmay_misc_feat_tower
D:3:      kennysheep_big_flooded_room, layout_loops_corners, first_ration,
          uniq_grinder
D:4:      layout_basic, serial_shops, nicolae_shop_behind_doors,
          grunt_tough_drop
D:5:      layout_gridville, nicolae_overflow_crystal_walls,
          corexii_hall_statues_l, minmay_a_box_with_orc_wizards_in_it,
          uniq_edmund, uniq_ijyb
D:6:      layout_basic, serial_shops, nicolae_shop_waterfront, shop,
          uniq_blork_the_orc, uniq_prince_ribbit1, uniq_crazy_yiuf_cottage,
          uniq_duvessa, uniq_sigmund

Skill      XL: |  1  2  3  4  5  6 |
---------------+-------------------+-----
Maces & Flails | 3 4 5 |  5.7
Armour         | 4 5 |  5.3
Fighting       | 4 5 |  5.2
Shields        | |  3.2

Action                   |  1- 3 |  4- 6 |  7- 9 || total
-------------------------+-------+-------+-------++-------
Melee: Flail             |   125 |   117 |    70 ||   312
  Use: Potion            |       |     1 |     3 ||     4
       Scroll            |       |       |     1 ||     1
  Eat: Chunk             |       |     5 |     1 ||     6
Armor: Scale mail        |    70 |    78 |    44 ||   192
Dodge: Dodged            |    48 |    34 |    34 ||   116
Block: Shield            |    75 |    43 |    42 ||   160

Table legend:
 A = Non-vault XP
 B = Vault XP
 C = Vault XP percentage of total XP
 D = Non-vault monster count
 E = Vault monster count
 F = Vault count percentage of total count
                 A         B        C        D         E       F
            +---------+---------+-------+---------+---------+-------
      Total |     388 |     434 |  52.8 |      85 |       5 |   5.6
            +---------+---------+-------+---------+---------+-------
        D:1 |      52 |       0 |   0.0 |      29 |       0 |   0.0
        D:2 |      66 |       0 |   0.0 |      27 |       0 |   0.0
        D:3 |      48 |     300 |  86.2 |      15 |       3 |  16.7
        D:4 |      81 |      35 |  30.2 |      11 |       1 |   8.3
        D:5 |     141 |       0 |   0.0 |       3 |       0 |   0.0
        D:6 |       0 |      99 | 100.0 |       0 |       1 | 100.0
            +---------+---------+-------+---------+---------+-------
